 Dungeon Crawl Stone Soup version 0.25.0-1-g7eea58d (webtiles) character file.

Game seed: 16987485991142150048

75 GeorgeSoros the Sneak (level 4, 0/21 HPs)
             Began as a Spriggan Enchanter on June 16, 2020.
             Slain by a kobold
             ... wielding a +2 short sword of draining
              (4 damage)
             ... on level 2 of the Dungeon.
             The game lasted 00:06:38 (1705 turns).

GeorgeSoros the Sneak (Spriggan Enchanter)          Turns: 1705, Time: 00:06:38

Health: 0/21       AC:  2    Str:  5    XL:     4   Next: 11%
Magic:  9/9        EV: 18    Int: 16    God:
Gold:   67         SH:  0    Dex: 16    Spells: 6/9 levels left

rFire    . . .     SeeInvis +   a - +2 dagger
rCold    . . .     Gourm    .   (shield restricted)
rNeg     . . .     Faith    .   b - +0 robe
rPois    .         Spirit   .   (helmet restricted)
rElec    .         Reflect  .   (no cloak)
rCorr    .         Harm     .   (gloves unavailable)
MR       .....                  (boots unavailable)
Stlth    +++.......             (no amulet)
HPRegen  0.07/turn              (no ring)
MPRegen  0.11/turn              (no ring)

@: lightly drained, very quick
A: very small, unfitting armour, see invisible, herbivore, speed 3, slow
metabolism 2
a: no special abilities


You were on level 2 of the Dungeon.
You were not hungry.

You visited 1 branch of the dungeon, and saw 2 of its levels.

You collected 67 gold pieces.

Inventory:

Hand Weapons
 a - a +2 dagger (weapon)
Missiles
 i - 4 boomerangs (quivered)
Armour
 b - a +0 robe (worn)
Scrolls
 f - 2 scrolls of identify
 h - a scroll of remove curse {unknown}
 j - a scroll of amnesia {unknown}
Potions
 c - a potion of might
 e - a potion of invisibility
 g - 2 potions of curing {unknown}
Comestibles
 d - 2 rations


   Skills:
 + Level 2.1(1.6) Short Blades
 + Level 3.9(3.3) Dodging
 + Level 5.2(4.7) Stealth
 - Level 3.0(2.4) Spellcasting
 + Level 4.2(3.7) Hexes
 + Level 0.7(0.2) Ice Magic


You had 6 spell levels left.
You knew the following spells:

 Your Spells              Type           Power        Failure   Level  Hunger
a - Corona                Hex            ##.....      4%          1    #......
b - Ensorcelled Hibernat  Hex/Ice        #.....       13%         2    ###....

Your spell library contained the following spells:

 Spells                   Type           Power        Failure   Level  Hunger
 Confusing Touch          Hex            ##......     13%         3    ###....
 Tukima's Dance           Hex            ##......     13%         3    ###....
 Dazzling Flash           Conj/Hex       #.....       28%         3    ###....


Dungeon Overview and Level Annotations

Branches:
Dungeon (2/15)

Altars:
Cheibriados


Innate Abilities, Weirdness & Mutations

You are very small and have problems with some larger weapons.
You are too small for most types of armour.
You have supernaturally acute eyesight. (SInv)
You are a herbivore.
You cover ground extremely quickly.
You need to consume almost no food.


Message History

The stone hits the kobold but does no damage.
You miss the kobold. The kobold barely misses you.
The goblin throws a stone.
The stone completely misses you.
The stone hits the kobold but does no damage.
You closely miss the kobold. The kobold misses you.
You hit the kobold but do no damage. The kobold misses you.
The goblin throws a stone.
The stone hits you.
You hit the kobold but do no damage.
The kobold hits you with a +2 short sword of draining.
You feel drained.
* * * LOW HITPOINT WARNING * * *
You closely miss the kobold.
The goblin throws a stone.
The stone hits you.
* * * LOW HITPOINT WARNING * * *
The kobold hits you with a +2 short sword of draining.
* * * LOW HITPOINT WARNING * * *
You feel drained.
You barely miss the kobold.
The goblin throws a stone.
The stone hits you but does no damage.
The kobold hits you with a +2 short sword of draining.
You die...

#.......# #.......#
#.......# #.......#
##....### #....# ###### ##
####....# #....# .# #
#.......####.##.####.##...#
'.......).(..<..@K.........
#.......#.#.###.####....#.#
#...#'###.#..g..# ###.#
#...#....(...####### #
#...#....##.........
#...#....'..########
#...#....#### ....#.####
...##.#


You could see a goblin and a kobold.

Vanquished Creatures
  3 adders (D:2)
  An ooze (D:2)
  A dart slug (D:2)
  4 orcs (D:2)
  2 ball pythons (D:1)
  3 giant cockroaches (D:1)
  3 goblins (D:1)
  3 hobgoblins
  6 bats
  A frilled lizard (D:1)
  5 kobolds
  6 rats (D:1)
38 creatures vanquished.

Notes
Turn   | Place    | Note
-------+----------+-------------------------------------------
     0 | D:1      | GeorgeSoros the Spriggan Enchanter began the quest for the
                  | Orb.
     0 | D:1      | Reached XP level 1. HP: 9/9 MP: 5/5
   305 | D:1      | Reached XP level 2. HP: 12/13 MP: 4/6
   655 | D:1      | Learned a level 2 spell: Ensorcelled Hibernation
  1067 | D:2      | Reached XP level 3. HP: 16/16 MP: 8/8
  1084 | D:2      | Reached skill level 5 in Stealth
  1406 | D:2      | Found a snail-covered altar of Cheibriados.
  1515 | D:2      | Reached XP level 4. HP: 17/21 MP: 6/9
  1705 | D:2      | Slain by a kobold

Illustrated notes

Levels and vault maps discovered:
D:1:      dpeg_arrival_shelter, layout_basic
D:2:      layout_basic, cheibriados_altar_1, marbit_many_paths,
          wad_floor_pattern_untrapped, kennysheep_cluttered_room

Skill      XL: |  1  2  3 |
---------------+----------+-----
Spellcasting   | 3 |  3.0
Hexes          | 4 |  4.2
Stealth        | 5 |  5.2
Short Blades   | 2 |  2.1
Dodging        | |  3.9
Ice Magic      | |  0.7

Action                   |  1- 3 |  4- 6 || total
-------------------------+-------+-------++-------
Melee: Dagger            |    89 |    23 ||   112
 Cast: Corona            |    13 |     1 ||    14
       Ensorcelled Hiber |     8 |       ||     8
  Use: Scroll            |     4 |       ||     4
 Stab: Sleeping          |    18 |       ||    18
Armor: Robe              |     1 |     1 ||     2
Dodge: Dodged            |    54 |    27 ||    81
